General information
- name: BNet
- type: Ladder team game (AT/RT)
- host: Battle.net
- saver: TheCryptLORD
map: MarketSquare
- players: 8
- length: 51:52
- speed: Fast
- version: 1.26 W3XP
- replay type: Public
» download(235 KB)
Players
team 1 (loser)

»
etrapedmydog (
pink | 29 APM | 1455 actions | 49:25)
5 Paladin
2 Holy Light
2 Devotion Aura
1 Resurrection
5 Keeper of the Grove
1 Force of Nature
3 Entangling Roots
1 Thorns Aura
3 Priestess of the Moon
2 Trueshot Aura
1 Scout
» actions
| Assign group hotkey | 10 | |
| Basic commands | 132 | |
| Build / train | 189 | |
| ESC pressed | 1 | |
| Enter build submenu | 41 | |
| Enter hero's abilities submenu | 13 | |
| Give item / drop item | 2 | |
| Right click | 355 | |
| Select / deselect | 495 | |
| Select group hotkey | 92 | |
| Use ability | 125 | |
1455 total
» units
| Wisp | 24 | |
| Archer | 12 | |
| Peasant | 1 | |
| Footman | 18 | |
| Druid of the Talon | 1 | |
| Knight | 24 | |
| Hippogryph | 15 | |
| Chimaera | 11 | |
| Priest | 2 | |
| Flying Machine | 22 | |
130 total
» upgrades
| Defend | 1 | |
| Strength of the Moon | 2 | |
| Moon Armor | 1 | |
| Plating | 3 | |
| Swords | 2 | |
| Lumber Harvesting | 2 | |
| Improved Bows | 1 | |
| Masonry | 2 | |
| Hippogryph Taming | 1 | |
| Strength of the Wild | 3 | |
| Reinforced Hides | 3 | |
| Animal War Training | 1 | |
| Marksmanship | 1 | |
| Priest Training | 2 | |
| Corrosive Breath | 1 | |
| Nature's Blessing | 1 | |
| Gunpowder | 3 | |
| Flak Cannons | 1 | |
| Flying Machine Bombs | 1 | |
32 total
» buildings
| Moon Well | 6 | |
| Ancient of War | 1 | |
| Farm | 11 | |
| Barracks | 2 | |
| Altar of Kings | 1 | |
| Altar of Elders | 1 | |
| Ancient of Wonders | 1 | |
| Scout Tower | 1 | |
| Arcane Tower | 1 | |
| Lumber Mill | 1 | |
| Tree of Life | 1 | |
| Hunter's Hall | 1 | |
| Keep | 1 | |
| Ancient Protector | 1 | |
| Tree of Ages | 1 | |
| Blacksmith | 1 | |
| Arcane Vault | 1 | |
| Tree of Eternity | 1 | |
| Castle | 1 | |
| Arcane Sanctum | 1 | |
| Ancient of Wind | 1 | |
| Chimaera Roost | 2 | |
| Workshop | 2 | |
41 total
» build order
00:09 Moon Well
00:21 Ancient of War
00:37 Farm
00:42 Barracks
00:55 Altar of Kings
01:03 Altar of Elders
01:21 Moon Well
02:20 Ancient of Wonders
02:25 Barracks
02:35 Farm
02:39 Scout Tower
02:51 Moon Well
03:24 Arcane Tower
03:27 Farm
03:33 Lumber Mill
04:24 Tree of Life
04:35 Hunter's Hall
05:20 Keep
06:11 Ancient Protector
06:14 Tree of Ages
06:19 Blacksmith
06:23 Arcane Vault
07:24 Moon Well
08:44 Tree of Eternity
08:47 Castle
08:50 Arcane Sanctum
08:52 Farm
08:54 Farm
09:18 Ancient of Wind
11:38 Chimaera Roost
11:55 Farm
12:25 Farm
13:03 Farm
13:06 Farm
14:09 Chimaera Roost
14:51 Farm
15:13 Moon Well
15:17 Moon Well
21:41 Workshop
21:52 Workshop
» items
| Anti-magic Potion | 1 | |
| Orb of Venom | 1 | |
| Scroll of Town Portal | 3 | |
| Potion of Mana | 1 | |
6 total
iamsponsored (
orange | 47 APM | 1304 actions | 27:30)
8 Tauren Chieftain
3 Shockwave
3 Endurance Aura
1 Reincarnation
1 War Stomp
» actions
| Assign group hotkey | 26 | |
| Basic commands | 9 | |
| Build / train | 78 | |
| ESC pressed | 4 | |
| Enter build submenu | 25 | |
| Enter hero's abilities submenu | 9 | |
| Right click | 408 | |
| Select / deselect | 291 | |
| Select group hotkey | 282 | |
| Use ability | 172 | |
1304 total
» units
| Peon | 12 | |
| Peasant | 1 | |
| Troll Headhunter/Berserker | 5 | |
| Footman | 1 | |
| Troll Batrider | 15 | |
34 total
» upgrades
| Ranged Weapons | 3 | |
| Spiked Barricades | 1 | |
| Troll Regeneration | 1 | |
| Liquid Fire | 1 | |
| Reinforced Defenses | 1 | |
| Armor | 1 | |
| Envenomed Spears | 1 | |
9 total
» buildings
| Altar of Storms | 1 | |
| Orc Burrow | 4 | |
| War Mill | 1 | |
| Voodoo Lounge | 1 | |
| Farm | 3 | |
| Lumber Mill | 1 | |
| Barracks | 2 | |
| Stronghold | 1 | |
| Watch Tower | 4 | |
| Beastiary | 4 | |
| Fortress | 1 | |
| Great Hall | 2 | |
25 total
» build order
00:12 Altar of Storms
00:16 Orc Burrow
00:54 War Mill
01:12 Voodoo Lounge
01:21 Farm
01:38 Lumber Mill
02:03 Orc Burrow
02:12 Barracks
03:02 Barracks
03:27 Farm
03:38 Stronghold
05:03 Orc Burrow
06:37 Farm
07:11 Watch Tower
07:14 Watch Tower
07:17 Beastiary
07:19 Beastiary
08:34 Orc Burrow
08:36 Fortress
11:15 Beastiary
11:18 Beastiary
16:13 Watch Tower
17:23 Watch Tower
19:56 Great Hall
22:06 Great Hall
» items
| Lesser Clarity Potion | 6 | |
| Healing Salve | 2 | |
| Scroll of Speed | 2 | |
| Orb of Lightning | 1 | |
| Potion of Healing | 6 | |
| Potion of Mana | 2 | |
| Scroll of Town Portal | 3 | |
| Dust of Appearance | 1 | |
| Potion of Lesser Invulnerability | 1 | |
24 total
CRYPTLORDWOW (
yellow | 63 APM | 3276 actions | 51:47)
6 Mountain King
3 Storm Bolt
2 Bash
1 Avatar
1 Paladin
1 Devotion Aura
» actions
| Assign group hotkey | 44 | |
| Basic commands | 98 | |
| Build / train | 95 | |
| Enter build submenu | 28 | |
| Enter hero's abilities submenu | 7 | |
| Give item / drop item | 6 | |
| Right click | 1560 | |
| Select / deselect | 464 | |
| Select group hotkey | 895 | |
| Use ability | 79 | |
3276 total
» units
| Peasant | 19 | |
| Footman | 4 | |
| Gryphon Rider | 14 | |
| Priest | 3 | |
| Flying Machine | 7 | |
47 total
» upgrades
| Masonry | 3 | |
| Lumber Harvesting | 2 | |
| Animal War Training | 1 | |
| Swords | 2 | |
| Armor | 2 | |
| Priest Training | 2 | |
| Cloud | 1 | |
| Magic Sentry | 1 | |
14 total
» buildings
| Altar of Kings | 1 | |
| Barracks | 1 | |
| Farm | 11 | |
| Scout Tower | 9 | |
| Arcane Tower | 1 | |
| Town Hall | 2 | |
| Lumber Mill | 3 | |
| Keep | 2 | |
| Arcane Vault | 1 | |
| Guard Tower | 4 | |
| Castle | 1 | |
| Gryphon Aviary | 3 | |
| Blacksmith | 1 | |
| Arcane Sanctum | 2 | |
42 total
» build order
00:12 Altar of Kings
00:24 Barracks
00:36 Farm
00:52 Farm
01:37 Scout Tower
01:53 Farm
02:13 Arcane Tower
02:40 Farm
04:37 Town Hall
04:41 Lumber Mill
04:45 Lumber Mill
04:47 Scout Tower
04:48 Scout Tower
05:08 Keep
05:09 Keep
05:16 Arcane Vault
05:27 Farm
07:04 Guard Tower
07:39 Castle
07:42 Gryphon Aviary
08:34 Gryphon Aviary
09:32 Gryphon Aviary
09:37 Farm
09:37 Farm
09:37 Farm
10:28 Lumber Mill
11:21 Farm
11:21 Farm
12:34 Blacksmith
12:49 Town Hall
14:01 Farm
19:07 Arcane Sanctum
21:04 Arcane Sanctum
27:51 Scout Tower
27:51 Scout Tower
27:52 Scout Tower
27:52 Scout Tower
28:46 Guard Tower
28:57 Guard Tower
40:31 Scout Tower
40:36 Scout Tower
» items
| Scroll of Town Portal | 5 | |
| Orb of Fire | 1 | |
| Potion of Lesser Invulnerability | 1 | |
| Staff of Teleportation | 1 | |
| Potion of Healing | 1 | |
| Scroll of Regeneration | 1 | |
| Potion of Mana | 3 | |
| Dust of Appearance | 1 | |
| Boots of Speed | 1 | |
15 total
team 2 (winner)
olympicman (
green | 49 APM | 2309 actions | 47:28)
8 Blademaster
3 Wind Walk
3 Critical Strike
1 Bladestorm
1 Mirror Image
4 Mountain King
2 Thunder Clap
1 Storm Bolt
1 Avatar
4 Paladin
1 Holy Light
2 Devotion Aura
1 Divine Shield
» actions
| Assign group hotkey | 21 | |
| Build / train | 62 | |
| Enter build submenu | 32 | |
| Enter hero's abilities submenu | 16 | |
| Give item / drop item | 3 | |
| Right click | 1192 | |
| Select / deselect | 356 | |
| Select group hotkey | 514 | |
| Use ability | 113 | |
2309 total
» units
| Peon | 14 | |
| Wind Rider | 8 | |
| Rifleman | 2 | |
| Gryphon Rider | 6 | |
30 total
» upgrades
| Armor | 4 | |
| Swords | 3 | |
| Storm Hammers | 1 | |
8 total
» buildings
| Orc Burrow | 8 | |
| Altar of Storms | 2 | |
| War Mill | 1 | |
| Voodoo Lounge | 1 | |
| Stronghold | 1 | |
| Beastiary | 3 | |
| Castle | 1 | |
| Gryphon Aviary | 4 | |
| Farm | 9 | |
| Blacksmith | 1 | |
| Fortress | 1 | |
| Town Hall | 1 | |
| Keep | 1 | |
34 total
» build order
00:08 Orc Burrow
00:12 Altar of Storms
00:58 War Mill
01:40 Voodoo Lounge
02:38 Stronghold
05:00 Beastiary
05:03 Beastiary
05:07 Beastiary
05:09 Orc Burrow
05:14 Orc Burrow
05:18 Orc Burrow
08:13 Orc Burrow
08:15 Orc Burrow
08:43 Castle
10:41 Gryphon Aviary
10:43 Gryphon Aviary
10:46 Gryphon Aviary
10:48 Gryphon Aviary
11:28 Farm
11:31 Farm
12:44 Farm
12:49 Blacksmith
12:56 Farm
12:59 Farm
13:05 Fortress
13:32 Farm
13:34 Farm
14:16 Farm
14:18 Farm
18:22 Orc Burrow
20:31 Town Hall
22:40 Keep
43:47 Orc Burrow
45:09 Altar of Storms
» items
chuchoelroto (
teal | 36 APM | 185 actions | 05:11)
1 Mountain King
1 Storm Bolt
» actions
| Assign group hotkey | 6 | |
| Basic commands | 2 | |
| Build / train | 21 | |
| Enter build submenu | 10 | |
| Enter hero's abilities submenu | 1 | |
| Remove unit from queue | 1 | |
| Right click | 60 | |
| Select / deselect | 60 | |
| Select group hotkey | 14 | |
| Use ability | 10 | |
185 total
» units
| Peasant | 11 | |
| Footman | 1 | |
| Rifleman | 5 | |
17 total
» buildings
| Altar of Kings | 1 | |
| Farm | 4 | |
| Barracks | 2 | |
| Lumber Mill | 1 | |
| Blacksmith | 1 | |
| Keep | 1 | |
10 total
» build order
00:23 Altar of Kings
00:31 Farm
00:38 Barracks
01:12 Farm
01:41 Lumber Mill
02:07 Blacksmith
02:15 Farm
02:55 Barracks
04:08 Farm
04:30 Keep
TheCryptLORD (
blue | 48 APM | 2486 actions | 51:52)
8 Crypt Lord
3 Carrion Beetles
3 Spiked Carapace
1 Locust Swarm
1 Impale
5 Lich
3 Frost Nova
2 Frost Armor
1 Death Knight
1 Unholy Aura
» actions
| Assign group hotkey | 69 | |
| Basic commands | 69 | |
| Build / train | 123 | |
| Enter build submenu | 20 | |
| Enter hero's abilities submenu | 15 | |
| Give item / drop item | 11 | |
| Right click | 1051 | |
| Select / deselect | 345 | |
| Select group hotkey | 518 | |
| Use ability | 265 | |
2486 total
» units
| Acolyte | 7 | |
| Ghoul | 5 | |
| Crypt Fiend | 19 | |
31 total
» upgrades
| Creature Attack | 3 | |
| Creature Carapace | 3 | |
| Web | 1 | |
| Burrow | 1 | |
8 total
» buildings
| Graveyard | 1 | |
| Crypt | 1 | |
| Ziggurat | 13 | |
| Altar of Darkness | 1 | |
| Tomb of Relics | 1 | |
| Nerubian Tower | 4 | |
| Halls of the Dead | 5 | |
| Spirit Tower | 15 | |
| Black Citadel | 5 | |
| Necropolis | 1 | |
47 total
» build order
00:16 Graveyard
00:22 Crypt
00:40 Ziggurat
01:04 Altar of Darkness
01:20 Tomb of Relics
01:43 Ziggurat
02:21 Ziggurat
03:03 Nerubian Tower
04:19 Halls of the Dead
04:19 Halls of the Dead
04:19 Halls of the Dead
05:34 Spirit Tower
05:35 Spirit Tower
05:35 Spirit Tower
07:49 Black Citadel
11:39 Black Citadel
11:39 Black Citadel
11:40 Black Citadel
13:29 Ziggurat
13:30 Ziggurat
14:45 Spirit Tower
14:45 Spirit Tower
14:45 Spirit Tower
18:03 Ziggurat
18:05 Ziggurat
18:06 Ziggurat
18:07 Ziggurat
18:09 Ziggurat
19:26 Spirit Tower
19:26 Spirit Tower
19:26 Spirit Tower
19:27 Spirit Tower
19:29 Ziggurat
19:30 Ziggurat
19:34 Ziggurat
20:12 Necropolis
30:10 Nerubian Tower
30:11 Nerubian Tower
30:11 Spirit Tower
» items
| Scroll of Town Portal | 4 | |
| Rod of Necromancy | 2 | |
| Scroll of Healing | 1 | |
| Periapt of Vitality | 3 | |
| Boots of Speed | 1 | |
| Scroll of Regeneration | 1 | |
| Potion of Healing | 2 | |
| Orb of Corruption | 1 | |
| Staff of Teleportation | 3 | |
| Circlet of Nobility | 1 | |
19 total
SexyNIKnowIt (
red | 38 APM | 1993 actions | 51:48)
8 Paladin
3 Holy Light
3 Devotion Aura
1 Resurrection
1 Divine Shield
2 Mountain King
1 Bash
1 Storm Bolt
» actions
| Assign group hotkey | 37 | |
| Basic commands | 142 | |
| Build / train | 84 | |
| Enter build submenu | 39 | |
| Enter hero's abilities submenu | 10 | |
| Give item / drop item | 6 | |
| Remove unit from queue | 1 | |
| Right click | 714 | |
| Select / deselect | 392 | |
| Select group hotkey | 426 | |
| Use ability | 142 | |
1993 total
» units
| Peasant | 21 | |
| Footman | 4 | |
| Knight | 2 | |
| Priest | 5 | |
32 total
» upgrades
| Defend | 1 | |
| Masonry | 3 | |
| Lumber Harvesting | 2 | |
| Animal War Training | 1 | |
| Priest Training | 2 | |
| Magic Sentry | 1 | |
| Swords | 3 | |
| Armor | 3 | |
| Backpack | 1 | |
| Sorceress Training | 1 | |
| Control Magic | 1 | |
19 total
» buildings
| Altar of Kings | 1 | |
| Barracks | 3 | |
| Farm | 6 | |
| Keep | 1 | |
| Arcane Vault | 3 | |
| Lumber Mill | 1 | |
| Town Hall | 2 | |
| Scout Tower | 20 | |
| Guard Tower | 13 | |
| Castle | 1 | |
| Arcane Sanctum | 2 | |
| Blacksmith | 2 | |
55 total
» build order
00:53 Altar of Kings
00:55 Barracks
00:58 Farm
00:59 Farm
01:06 Farm
01:42 Farm
03:17 Keep
03:58 Arcane Vault
04:03 Arcane Vault
04:07 Lumber Mill
06:31 Town Hall
07:14 Scout Tower
07:15 Scout Tower
07:16 Scout Tower
07:16 Scout Tower
07:19 Scout Tower
07:20 Scout Tower
07:22 Scout Tower
07:23 Scout Tower
07:27 Scout Tower
07:30 Scout Tower
07:31 Scout Tower
07:36 Scout Tower
07:50 Guard Tower
07:53 Guard Tower
07:58 Guard Tower
07:58 Guard Tower
07:58 Guard Tower
07:59 Guard Tower
08:00 Guard Tower
08:00 Guard Tower
08:07 Guard Tower
09:00 Castle
10:42 Town Hall
10:45 Scout Tower
10:45 Scout Tower
10:46 Scout Tower
10:46 Scout Tower
10:48 Scout Tower
10:48 Scout Tower
10:48 Scout Tower
10:49 Scout Tower
10:52 Arcane Vault
11:02 Barracks
11:04 Barracks
11:08 Arcane Sanctum
11:08 Arcane Sanctum
11:14 Blacksmith
11:16 Blacksmith
12:39 Guard Tower
15:43 Farm
19:19 Farm
» items
| Boots of Speed | 1 | |
| Staff of Teleportation | 2 | |
| Periapt of Vitality | 2 | |
| Potion of Invisibility | 1 | |
6 total
Chat log
(00:18 / All) SexyNIKnowIt: Roseanne >>> Mad About Jew any day of the week
(00:45 / All) SexyNIKnowIt: he has the 'tism and can't handle the truth
(01:28 / All) SexyNIKnowIt: the truth is that big bang theory is for plebeians, while Roseanne is for the elite sitcom patricians
(05:04 / Allies) chuchoelroto: no shit
(05:11 / All) etrapedmydog: d
(06:15 / Allies) SexyNIKnowIt: retard waked the middle creeps
(06:19 / Allies) SexyNIKnowIt: cuz he's a dumb faggot
(06:23 / Allies) TheCryptLORD: lol
(06:25 / Allies) SexyNIKnowIt: that doesn't even have level 2 wind walk
(07:07 / All) SexyNIKnowIt: green doesn't know how to creep mid
(12:17 / All) SexyNIKnowIt: green gud
(13:53 / Allies) TheCryptLORD: you take that dagger?
(15:05 / Allies) TheCryptLORD: wood?
(21:16 / All) TheCryptLORD: I feel so fat and useless
(21:23 / All) TheCryptLORD: this is what the average person in most countries must feel like now
(21:27 / All) TheCryptLORD: I'm so slow and can't get anywhere I want to
(21:29 / All) CRYPTLORDWOW: oh shit forgot we need to get the 5 rints of prot
(21:31 / All) TheCryptLORD: with my fatass undead army
(21:33 / All) TheCryptLORD: and no unholy aura
(22:14 / All) SexyNIKnowIt: lol
(22:19 / All) TheCryptLORD: sick surround
(22:56 / All) CRYPTLORDWOW: red has one ring
(22:58 / All) CRYPTLORDWOW: that is good
(25:19 / Allies) olympicman: blue
(25:26 / Allies) TheCryptLORD: thanks
(25:35 / All) SexyNIKnowIt: CHARGE
(25:38 / All) SexyNIKnowIt: FOR THE GLORY OF CHRIST
(25:44 / Allies) olympicman: blue get alot og gargs
(25:53 / Allies) TheCryptLORD: I like fiends
(26:32 / All) CRYPTLORDWOW: pink spreading rumors about me
(26:34 / All) CRYPTLORDWOW: saying im tking
(26:38 / All) CRYPTLORDWOW: wtf seriously
(27:09 / All) CRYPTLORDWOW: orb of frost top right corner
(27:12 / All) CRYPTLORDWOW: i got mask of death tho for cl
(27:17 / All) TheCryptLORD: nice
(27:48 / All) SexyNIKnowIt: sponsored by the NOOB FOUNDATION LOL
(27:49 / All) SexyNIKnowIt: sick burn
(28:05 / All) SexyNIKnowIt: I need manas
(28:12 / All) SexyNIKnowIt: to rescue my army from the grave
(28:43 / All) SexyNIKnowIt: whered me priests die
(29:34 / Allies) olympicman: gold and lumber me
(29:40 / Allies) SexyNIKnowIt: no way jose
(29:47 / Allies) SexyNIKnowIt: me needs this monies
(30:03 / Allies) TheCryptLORD: oops
(30:05 / Allies) TheCryptLORD: didn't check your gold
(30:07 / Allies) olympicman: blue gold and lumber me
(30:15 / Allies) TheCryptLORD: ask red I just gave him all of mine
(30:27 / Allies) SexyNIKnowIt: THE GOLD IS MINE AND MINE ALONE
(30:39 / Allies) SexyNIKnowIt: here tkae this ring from me
(31:09 / Allies) SexyNIKnowIt: drop the skele rod
(31:20 / All) TheCryptLORD: 25 armour
(31:21 / All) TheCryptLORD: not bad
(31:26 / All) TheCryptLORD: 59% damage reduction
(31:34 / All) CRYPTLORDWOW: u sure u got right skills
(31:45 / All) TheCryptLORD: yes I have lvl 3 carapace and lvl 2 frost armour
(31:45 / All) CRYPTLORDWOW: cl has armor buffs
(31:52 / All) CRYPTLORDWOW: wehre ur cl
(31:58 / All) CRYPTLORDWOW: u need lvl 3 plus bobs ring
(32:00 / All) CRYPTLORDWOW: and pally
(33:18 / Allies) olympicman: what the hell u doin red
(33:20 / All) TheCryptLORD: damn that's generous
(33:24 / All) TheCryptLORD: MERRY CHRISTMAS JACOB
(33:24 / Allies) SexyNIKnowIt: whatever I WANT!
(33:27 / Allies) SexyNIKnowIt: CUZ I DO
(33:29 / Allies) SexyNIKnowIt: WHATEVER I WANT!
(33:33 / Allies) SexyNIKnowIt: WHENEVER I WANT
(33:34 / All) TheCryptLORD: MERRY CHRISTMAS
(33:35 / All) TheCryptLORD: HOHOHOHO
(33:39 / Allies) SexyNIKnowIt: WHATEVAH< I DO WHAT I WANt
(33:41 / All) CRYPTLORDWOW: mask of death here
(33:42 / All) TheCryptLORD: CHRISTMAS CAME AGAIN IN JANUARY
(33:50 / All) TheCryptLORD: green took it
(33:54 / All) TheCryptLORD: green
(33:55 / All) CRYPTLORDWOW: homo
(33:56 / All) TheCryptLORD: give me your mask of death
(33:58 / All) CRYPTLORDWOW: shoulda told me bm was there
(34:05 / All) TheCryptLORD: didn't notice
(34:07 / Allies) TheCryptLORD: let's kill green's bm
(34:11 / Allies) TheCryptLORD: unless he hands over mask of death
(35:05 / All) CRYPTLORDWOW: pink y are u still here god
(35:07 / All) CRYPTLORDWOW: dumb nip
(35:26 / Allies) SexyNIKnowIt: 26.5 armor right now
(35:29 / Allies) SexyNIKnowIt: put on frost
(35:40 / All) TheCryptLORD: 31.5
(35:44 / All) TheCryptLORD: 66% damage reduction
(35:50 / All) CRYPTLORDWOW: is pally by u
(35:54 / All) TheCryptLORD: kill green bm
(35:56 / All) TheCryptLORD: he won't hand over the mask
(35:57 / All) SexyNIKnowIt: yeah
(36:04 / Allies) olympicman: didnt ask
(36:06 / All) SexyNIKnowIt: if 3 more rigngs dropped
(36:09 / All) CRYPTLORDWOW: frost armor and inner fire?
(36:11 / All) SexyNIKnowIt: he'd have like 46.5
(36:18 / All) SexyNIKnowIt: yes
(36:28 / Allies) olympicman: who
(36:30 / All) CRYPTLORDWOW: let my mk try to kill ugo to middle
(36:38 / All) CRYPTLORDWOW: with pally there
(36:41 / All) SexyNIKnowIt: we gotta hunt down green
(36:48 / All) CRYPTLORDWOW: irrelevant
(36:59 / All) CRYPTLORDWOW: he wont give mask so its pointless
(37:10 / All) SexyNIKnowIt: he's gotta die anyway
(37:18 / Allies) olympicman: i will sell it
(37:40 / Allies) SexyNIKnowIt: you'll die for your outrageous insubordination, worker
(37:54 / Allies) olympicman: well whoi wants it
(37:56 / Allies) TheCryptLORD: me
(38:06 / Allies) olympicman: what hero
(38:09 / Allies) TheCryptLORD: my lich
(38:11 / Allies) TheCryptLORD: then I give it to my cl
(38:17 / Allies) TheCryptLORD: hand it over
(38:23 / Allies) TheCryptLORD: and red stops attacking you
(38:24 / Allies) olympicman: no u try to kill me
(38:29 / Allies) TheCryptLORD: okay, time for you to die then
(38:30 / Allies) SexyNIKnowIt: It was a flesh wound
(38:48 / All) CRYPTLORDWOW: i dont have maphack so i cant find
(38:52 / Allies) olympicman: litch
(39:09 / Allies) SexyNIKnowIt: shieiiet
(39:11 / Allies) SexyNIKnowIt: bm moved
(39:16 / All) SexyNIKnowIt: he's heading towards mid
(39:18 / Allies) TheCryptLORD: I needed a second tp staff
(39:21 / All) SexyNIKnowIt: in mid get dust
(39:34 / All) SexyNIKnowIt: you gon' die boy
(39:38 / Allies) olympicman: sell it
(39:42 / All) SexyNIKnowIt: we'll chase you till the cows come home, boy
(39:56 / All) TheCryptLORD: fucked my tp staff
(39:58 / All) TheCryptLORD: shiieet
(40:03 / All) SexyNIKnowIt: lol
(40:06 / All) SexyNIKnowIt: he moved out of range
(40:09 / All) SexyNIKnowIt: for that bolt
(40:22 / All) SexyNIKnowIt: start building watch towers for reveal jak
(40:32 / All) SexyNIKnowIt: I might have to get more heroes and units
(41:13 / All) TheCryptLORD: I'm gonna get a third hero
(41:45 / All) TheCryptLORD: ITEM STEALING CREEP!
(42:15 / All) CRYPTLORDWOW: god
(42:19 / All) SexyNIKnowIt: there it dies
(42:22 / All) TheCryptLORD: REVEAL
(42:26 / All) SexyNIKnowIt: LOL
(42:29 / All) SexyNIKnowIt: that curve
(42:30 / All) CRYPTLORDWOW: curv ball bolt
(42:31 / All) SexyNIKnowIt: on that bolt
(42:31 / All) TheCryptLORD: raped
(42:38 / All) SexyNIKnowIt: that was awesomke
(42:40 / All) CRYPTLORDWOW: that was odd lawl
(42:41 / All) SexyNIKnowIt: like mjollnir
(42:50 / All) SexyNIKnowIt: that curve aws shaped like a boomerang
(42:59 / All) CRYPTLORDWOW: mk vs vl then lets standoff them
(43:00 / Allies) olympicman: whould of gave u mask but sold cause u lie
(43:10 / Allies) olympicman: u whould had killed me any way
(43:24 / All) SexyNIKnowIt: yeah
(43:52 / Allies) TheCryptLORD: lol
(44:00 / Allies) TheCryptLORD: I wasn't going to
(44:05 / Allies) TheCryptLORD: but I can't say if red would've
(44:19 / All) CRYPTLORDWOW: dumb pally and cl com ehere
(44:22 / All) TheCryptLORD: oops
(44:24 / All) TheCryptLORD: didn't mean to kill that
(45:34 / All) CRYPTLORDWOW: beetles need to die too remember for standoff
(46:01 / All) CRYPTLORDWOW: homoes get to middle
(46:24 / Allies) olympicman: 3
(46:26 / Allies) olympicman: 32
(46:26 / Allies) olympicman: 32
(46:27 / Allies) olympicman: 32
(46:27 / Allies) olympicman: 32
(46:28 / Allies) olympicman: 32
(46:29 / Allies) olympicman: 32
(46:29 / Allies) olympicman: 32
(46:30 / Allies) olympicman: 32
(46:30 / Allies) olympicman: 32
(46:31 / Allies) olympicman: 32
(46:32 / Allies) olympicman: 32
(46:32 / Allies) olympicman: 32
(46:33 / Allies) olympicman: 32
(46:33 / Allies) olympicman: 32
(46:34 / Allies) olympicman: 32
(46:35 / Allies) olympicman: 32
(46:35 / Allies) olympicman: 32
(46:36 / Allies) olympicman: 32
(46:36 / All) CRYPTLORDWOW: and da pally
(46:36 / Allies) olympicman: 32
(46:37 / Allies) olympicman: 32
(46:38 / Allies) olympicman: 32
(46:38 / Allies) olympicman: 32
(46:39 / Allies) olympicman: 32
(46:39 / Allies) olympicman: 32
(46:40 / Allies) olympicman: 32
(46:41 / Allies) olympicman: 32
(46:41 / Allies) olympicman: 32
(46:42 / Allies) olympicman: 32
(46:42 / Allies) olympicman: 32
(46:43 / Allies) olympicman: 32
(46:43 / Allies) olympicman: 32
(46:44 / Allies) olympicman: 32
(46:45 / Allies) olympicman: 32
(46:45 / Allies) olympicman: 32
(46:46 / Allies) olympicman: 3
(46:47 / All) SexyNIKnowIt: lol
(46:50 / All) SexyNIKnowIt: he's spamming "32"
(47:01 / All) SexyNIKnowIt: he's the special olympic man
(47:01 / All) CRYPTLORDWOW: for magic john?
(47:35 / All) TheCryptLORD: nice
(47:38 / All) SexyNIKnowIt: sad news pink
(47:38 / All) TheCryptLORD: makes it easy on us
(47:59 / All) CRYPTLORDWOW: dumbshits wtf i wanna watch tv get to mid
(48:04 / All) SexyNIKnowIt: let's see the crypt lord mk duel
(48:06 / All) SexyNIKnowIt: no running away
(48:10 / All) TheCryptLORD: oh yeah
(48:10 / All) SexyNIKnowIt: right side shop
(48:12 / All) CRYPTLORDWOW: put pally "M" on me
(48:15 / All) TheCryptLORD: that's what you wanted
(48:20 / All) CRYPTLORDWOW: fountain
(48:27 / All) TheCryptLORD: one sec
(48:29 / All) SexyNIKnowIt: ride side shop
(48:50 / All) TheCryptLORD: k
(49:00 / All) TheCryptLORD: I'm at fountain
(49:06 / All) TheCryptLORD: fucking noob!
(49:06 / All) CRYPTLORDWOW: he said shop
(49:07 / All) SexyNIKnowIt: right side shop
(49:09 / All) SexyNIKnowIt: no fountain
(49:09 / All) CRYPTLORDWOW: dun know y
(49:15 / All) TheCryptLORD: k
(49:36 / All) SexyNIKnowIt: fight!
(49:47 / All) SexyNIKnowIt: use your spells
(50:12 / All) TheCryptLORD: lucky bashes
(50:15 / All) TheCryptLORD: wow
(50:20 / All) TheCryptLORD: your mk stood no chance
(50:25 / All) SexyNIKnowIt: that beetle tuff
(50:25 / All) CRYPTLORDWOW: no he did not
(50:30 / All) CRYPTLORDWOW: who loses me watch tv
(50:33 / All) TheCryptLORD: so much armour
(50:36 / All) SexyNIKnowIt: pink lose
(50:41 / All) SexyNIKnowIt: he still here
(50:43 / All) CRYPTLORDWOW: k
(50:44 / All) CRYPTLORDWOW: he left
(50:50 / All) SexyNIKnowIt: OH
(50:51 / All) CRYPTLORDWOW: pink vs red who should lose
(50:54 / All) SexyNIKnowIt: uhm
(50:57 / All) SexyNIKnowIt: green lose?
(51:14 / All) CRYPTLORDWOW: me watch tv me dun care
(51:22 / All) SexyNIKnowIt: stats
(51:30 / All) CRYPTLORDWOW: i forgot this strat sux if no 4 rings of prot
(51:42 / All) SexyNIKnowIt: pink lose